 Dungeon Crawl Stone Soup version 0.21.0-3-g78d12a8 (webtiles) character file.

90 Hubbles the Poker (level 4, -1/35 HPs)
             Began as a Demonspawn Monk on Jan 14, 2018.
             Succumbed to Sigmund's poison
             ... on level 2 of the Dungeon.
             The game lasted 00:04:51 (1570 turns).

Hubbles the Poker (Demonspawn Monk)                 Turns: 1570, Time: 00:04:52

Health: -1/35      AC:  4    Str: 12    XL:     4   Next: 32%
Magic:  2/4        EV: 12    Int: 12    God:
Gold:   69         SH:  0    Dex: 15    Spells: 3/3 levels left

rFire    . . .     SeeInvis .   a - +2 spear
rCold    . . .     Gourm    .   (no shield)
rNeg     . . .     Faith    .   k - +0 leather armour
rPois    .         Spirit   +   (no helmet)
rElec    .         Reflect  .   (no cloak)
rCorr    .         Harm     .   d - +0 pair of gloves
MR       .....                  (no boots)
Stlth    ++........             g - amulet of guardian spirit
HPRegen  0.11/turn              (no ring)
MPRegen  0.09/turn              (no ring)

@: lethally poisoned (-1 -> -25)
A: claws 1, powered by death 1
a: no special abilities


You were on level 2 of the Dungeon.
You were not hungry.

You visited 1 branch of the dungeon, and saw 2 of its levels.

You collected 69 gold pieces.

Inventory:

Hand Weapons
 a - a +2 spear (weapon)
Armour
 d - a +0 pair of gloves (worn)
 h - a +0 plate armour
 k - a +0 leather armour (worn)
Jewellery
 g - an amulet of guardian spirit (around neck)
 i - a cursed amulet of rage {unknown}
Comestibles
 c - 3 rations


   Skills:
 - Level 3.0 Fighting
 * Level 4.2 Polearms
 + Level 1.8 Armour
 - Level 2.6 Dodging
 - Level 1.7 Stealth


You had 3 spell levels left.
You didn't know any spells.

Dungeon Overview and Level Annotations

Branches:
Dungeon (2/15)

Altars:

Annotations:
D:2 Sigmund


Innate Abilities, Weirdness & Mutations

You have sharp fingernails.
You regenerate a little health from kills.


Message History

* * * LOW HITPOINT WARNING * * *
You feel sick. Something hits you but does no damage.
You are more poisoned.
* * * LOW HITPOINT WARNING * * *
You feel sick.
* * * LOW HITPOINT WARNING * * *
You feel sick. Something hits you but does no damage.
* * * LOW HITPOINT WARNING * * *
You feel sick. Something hits you but does no damage.
* * * LOW HITPOINT WARNING * * *
You feel sick.
* * * LOW HITPOINT WARNING * * *
You feel sick. Something hits you but does no damage.
You are more poisoned.
* * * LOW HITPOINT WARNING * * *
You feel sick. Something hits you but does no damage.
You feel less wooden.
Your +0 pair of gloves unmelds from your body.
Your +0 leather armour unmelds from your body.
You die...

...........#.....#### ##.)###.
##.......###........# ##...#.
#####...#.....##.##.# ###.#.
##.$...#.#..#(# # #####...
#........##...# .. #.g....#
##......### ##.####...##g###...
.....$....## #...# ##..g..##...
...........#####.#..w.w.g.#.##.#.
.#.##..?.......#@#######..#....##
#.#...........#)## ##.g#g.###
.............){..#####..)....##
.##.#.#####.............##....##
..... ######..........#.....
#.##. .....#..........
#........####..# .###...........
.. .....####..#


There were no monsters in sight!

Vanquished Creatures
  Robin (D:2)
  A gnoll (D:1)
  2 adders
  A worm (D:2)
  A dart slug (D:2)
  3 giant cockroaches
  10 goblins
  9 hobgoblins
  5 kobolds
  2 quokkas (D:2)
  2 ball pythons
  3 bats (D:1)
  3 rats
43 creatures vanquished.

Notes
Turn   | Place    | Note
-------+----------+-------------------------------------------
     0 | D:1      | Hubbles the Demonspawn Monk began the quest for the Orb.
     0 | D:1      | Reached XP level 1. HP: 18/18 MP: 1/1
   205 | D:1      | Reached skill level 3 in Polearms
   239 | D:1      | Gained mutation: You have sharp fingernails. [demonic ancestry]
   239 | D:1      | Reached XP level 2. HP: 20/24 MP: 2/2
   467 | D:1      | Reached skill level 1 in Armour
   654 | D:2      | Gained mutation: You regenerate a little health from kills. [demonic ancestry]
   654 | D:2      | Reached XP level 3. HP: 18/29 MP: 3/3
  1005 | D:2      | Noticed Robin
  1319 | D:1      | Reached skill level 4 in Polearms
  1394 | D:2      | Reached XP level 4. HP: 35/35 MP: 4/4
  1397 | D:2      | Noticed Sigmund
  1549 | D:2      | Killed Robin
  1569 | D:2      | HP: 2/52 [poisoned by Sigmund]
  1570 | D:2      | Succumbed to Sigmund's poison

Skill      XL: |  1  2  3 |
---------------+----------+-----
Polearms       | 3 4 |  4.2
Armour         | 1 |  1.8
Fighting       | |  3.0
Dodging        | |  2.6
Stealth        | |  1.7

Action                   |  1- 3 |  4- 6 || total
-------------------------+-------+-------++-------
Melee: Spear             |   140 |    24 ||   164
  Use: Scroll            |     6 |       ||     6
       Potion            |     2 |     3 ||     5
 Stab: Sleeping          |     4 |       ||     4
  Eat: Chunk             |     2 |       ||     2
Armor: Robe              |    10 |       ||    10
       Skin              |    33 |    10 ||    43
       Leather armour    |     1 |     6 ||     7
Dodge: Dodged            |    83 |     9 ||    92
